 Dungeon Crawl Stone Soup version 0.31.0-9-g3a7656b989 (webtiles) character file.

Game seed: 16455073088922791163

18 qw the Shooter (level 2, -6/14 HPs)
             Began as a Spriggan Hunter on Feb 2, 2024.
             Mangled by an orc priest
             ... wielding a +0 flail
              (8 damage)
             ... on level 2 of the Dungeon.
             The game lasted 00:00:01 (673 turns).

qw the Shooter (Spriggan Hunter)                     Turns: 673, Time: 00:00:02

Health: -6/14      AC:  2    Str: 11    XL:     2   Next: 51%
Magic:  3/3        EV: 18    Int:  9    God:
Gold:   64         SH:  0    Dex: 17    Spells: 1/1 levels left

rFire   . . .        a - +0 shortbow
rCold   . . .        (shield currently unavailable)
rNeg    . . .        c - +0 robe
rPois   .            (helmet restricted)
rElec   .            (no cloak)
rCorr   .            (gloves unavailable)
SInv    +            (boots unavailable)
Will    .....        (no amulet)
Stlth   ++           (no ring)
HPRegen 0.22/turn    (no ring)
MPRegen 0.08/turn

%: no passive effects
@: very quick
A: very small, no large weapons, unfitting armour, see invisible, speed 3,
strong 1, inability to read after injury 1, noise suppression, persistent drain
a: no special abilities


You were on level 2 of the Dungeon.
You visited 1 branch of the dungeon, and saw 2 of its levels.

You collected 64 gold pieces.


Innate Abilities, Weirdness & Mutations

You are very small and have problems with some larger weapons.
You are too small for most types of armour.
You have supernaturally acute eyesight. (SInv)
You cover ground extremely quickly. (Speed+++)
Your muscles are strong. (Str +4, Int/Dex -1)
You occasionally lose the ability to read scrolls when taking damage.
You passively dampen the noise of your surroundings.
Your health recovers twice as slowly from being drained.


   Skills:
 - Level 1.5 Fighting
 + Level 4.1 Ranged Weapons
 - Level 4.0 Dodging
 - Level 1.5 Stealth


You had one spell level left.
You didn't know any spells.
Your spell library was empty.

Inventory:

Hand Weapons
 a - a +0 shortbow (weapon)
Armour
 c - a +0 robe (worn)
Jewellery
 g - a ring of ice
Potions
 h - a potion of curing
 i - a potion of cancellation

Dungeon Overview and Level Annotations

Branches:
Dungeon (2/15)

Altars:


Message History

You start resting.
HP restored.
Done exploring.
624 ||| DROPPING scroll of butterflies.
You drop a scroll of butterflies.
Done exploring.
625 ||| DROPPING 2 potions of magic.
You drop 2 potions of magic.
Done exploring.
What level of the Dungeon? (default 1, ? - help)
You open the door.
There is an open door here.
There is a stone staircase leading down here.
You climb downwards.
Found a book of Air and a short sword.
Found a stone staircase leading down.
There is a stone staircase leading up here.
A rat is nearby!
Waypoint 1 assigned to D:2.
You shoot an arrow. The arrow hits the rat!
You kill the rat!
You see here a book of Air.
An orc priest comes into view. It is wielding a +0 flail.
Found a scroll labelled POMAMA AL ZOBA and a scroll labelled YRPHAC FAANAV.
The orc priest shouts!
You hear a shout! x2
You shoot an arrow.
The arrow closely misses the orc priest.
You shoot an arrow. The arrow hits the orc priest.
The orc priest is lightly wounded.
You shoot an arrow. The arrow hits the orc priest.
The orc priest is moderately wounded.
You shoot an arrow.
The arrow closely misses the orc priest.
The orc priest invokes the aid of Beogh against you.
Beogh smites you!
Ouch! That really hurt!
The orc priest misses you.
You shoot an arrow. The arrow hits the orc priest.
The orc priest is severely wounded.
The orc priest barely misses you.
You shoot an arrow. The arrow barely misses the orc priest.
The orc priest hits you with a +0 flail!
Ouch! That really hurt!
You die...

..... ... ... ...
#.# #.#######
#.......? ##@#
##.#o# ##.###.#
##.## #.#
#.######.###....?.
.#............#
###
.........##.###
.#######.# #.#
####.# #.#


You could see an orc priest.

Vanquished Creatures
  A ball python (D:1)
  A bat (D:1)
  An endoplasm (D:1)
  A giant cockroach (D:1)
  4 hobgoblins (D:1)
  3 jackals (D:1)
  5 rats
16 creatures vanquished.

Notes
Turn   | Place    | Note
-------+----------+-------------------------------------------
     0 | D:1      | qw the Spriggan Hunter began the quest for the Orb.
     0 | D:1      | Reached XP level 1. HP: 10/10 MP: 2/2
     0 | D:1      | 0 ||| qw: Version: 0.3-a-155-g5e7d8dd
     0 | D:1      | 0 ||| qw: Game counter: 2464
     0 | D:1      | 0 ||| qw: Melee chars always use a shield: true
     0 | D:1      | 0 ||| qw: God list: Okawaru
     0 | D:1      | 0 ||| qw: Allow faded altars: false
     0 | D:1      | 0 ||| qw: Do Orc after clearing Dungeon:15 true
     0 | D:1      | 0 ||| qw: Do second Lair branch before Depths: true
     0 | D:1      | 0 ||| qw: Lair rune preference: random
     0 | D:1      | 0 ||| qw: Goals: Normal
     0 | D:1      | 0 ||| PLANNING D:1-11
   141 | D:1      | Reached skill level 3 in Dodging
   272 | D:1      | HP: 1/10 [hobgoblin (4)]
   424 | D:1      | Reached XP level 2. HP: 14/14 MP: 3/3
   612 | D:1      | 612 ||| READING 3 scrolls labelled ZURPHAY UTZUA.
   612 | D:1      | 612 ||| IDENTIFYING emerald potion
   613 | D:1      | 613 ||| READING 2 scrolls of identify.
   613 | D:1      | 613 ||| IDENTIFYING lumpy clear potion
   614 | D:1      | 614 ||| READING scroll of identify.
   614 | D:1      | 614 ||| IDENTIFYING 2 coppery potions
   615 | D:1      | 615 ||| DRINKING 2 glowing cyan potions.
   615 | D:1      | Gained mutation: You are frail. (-10% HP) [potion of
                  | mutation]
   616 | D:1      | 616 ||| DRINKING potion of mutation.
   616 | D:1      | Lost mutation: You are frail. (-10% HP) [potion of
                  | mutation]
   616 | D:1      | Gained mutation: You passively dampen the noise of your
                  | surroundings. [potion of mutation]
   616 | D:1      | Gained mutation: You occasionally lose the ability to read
                  | scrolls when taking damage. [potion of mutation]
   616 | D:1      | Gained mutation: Your health recovers twice as slowly from
                  | being drained. [potion of mutation]
   616 | D:1      | Gained mutation: Your muscles are strong. (Str +4, Int/Dex
                  | -1) [potion of mutation]
   624 | D:1      | 624 ||| DROPPING scroll of butterflies.
   625 | D:1      | 625 ||| DROPPING 2 potions of magic.
   671 | D:2      | HP: 2/14 [orc priest/divine providence (12)]
   673 | D:2      | Mangled by an orc priest

Levels and vault maps discovered:
D:1:      amcnicky_arrival_feature_with_door, layout_basic
D:2:      layout_loops_ring, uniq_sigmund

Skill      XL: |  1  2 |
---------------+-------+-----
Dodging        | 3 4 |  4.0
Fighting       | |  1.5
Ranged Weapons | |  4.1
Stealth        | |  1.5

Action                     || total
---------------------------++-------
   Fire: Shortbow          ||    51
    Use: Scroll            ||     3
         Potion            ||     2
 Armour: Robe              ||     5
  Dodge: Dodged            ||    25

Table legend:
 A = Non-vault XP
 B = Vault XP
 C = Vault XP percentage of total XP
 D = Non-vault monster count
 E = Vault monster count
 F = Vault count percentage of total count
                 A         B        C        D         E       F
            +---------+---------+-------+---------+---------+-------
      Total |      27 |       0 |   0.0 |      16 |       0 |   0.0
            +---------+---------+-------+---------+---------+-------
        D:1 |      26 |       0 |   0.0 |      15 |       0 |   0.0
        D:2 |       1 |       0 |   0.0 |       1 |       0 |   0.0
            +---------+---------+-------+---------+---------+-------
